 Dungeon Crawl Stone Soup version 0.30-a0-696-g2367cd04db (webtiles) character file.

Game seed: 14231235095456315553

13787 jasper the Timeless (level 11, 0/91 HPs)
             Began as a Demonspawn Venom Mage on Jan 13, 2023.
             Was a High Priest of Cheibriados.
             Killed from afar by a gargoyle (16 damage)
             ... with a stone arrow
             ... in a Gauntlet on Jan 20, 2023.
             The game lasted 00:33:20 (13475 turns).

jasper the Timeless (Demonspawn Venom Mage)        Turns: 13475, Time: 00:33:20

Health: 0/91       AC: 12    Str: 19    XL:     11   Next: 80%
Magic:  19/19      EV: 15    Int: 38    God:    Cheibriados [*****.]
Gold:   261        SH: 10    Dex: 25    Spells: 3/14 levels left

rFire   . . .      SeeInvis .      - Unarmed
rCold   + . .      Faith    .    d - +0 buckler
rNeg    . . .      Spirit   .    x - +0 steam dragon scales
rPois   .          Reflect  .    (helmet restricted)
rElec   .          Harm     .    q - +2 cloak
rCorr   .          Rampage  .    (no gloves)
Will    .....      NoTele   +    k - +2 pair of boots
Stlth   +++                      (no amulet)
HPRegen 0.35/turn                F - +6 ring of intelligence
MPRegen 0.16/turn                w - ring of protection from cold

@: very slow
A: antennae 2, claws 1, hooves 1, spiny 2, condensation shield
a: Renounce Religion, Bend Time, Temporal Distortion, Slouch, Step From Time


You were in a Gauntlet.
You worshipped Cheibriados.
Cheibriados was extremely pleased with you.
You visited 2 branches of the dungeon, and saw 12 of its levels.
You also visited: Bailey and Gauntlet.

You collected 499 gold pieces.
You spent 238 gold pieces at shops.

Inventory:

Hand Weapons
 e - a +1 whip
Missiles
 f - 69 stones
 m - 12 poisoned darts
 o - 2 throwing nets
Armour
 a - a +0 robe
 d - a +0 buckler (worn)
 k - a +2 pair of boots (worn)
 p - a +1 leather armour of cold resistance
 q - a +2 cloak (worn)
 x - +0 steam dragon scales (worn)
Jewellery
 u - a ring of ice
 w - a ring of protection from cold (right claw)
 F - a +6 ring of intelligence (left claw)
 G - an amulet of faith
Wands
 i - a wand of polymorph (7)
 y - a wand of charming (12)
 H - a wand of flame (11)
Scrolls
 l - a scroll of fear
 v - 5 scrolls of teleportation
 A - a scroll of enchant weapon
 C - a scroll of butterflies
 E - a scroll of poison
 J - a scroll of immolation
 L - a scroll of vulnerability
Potions
 b - a potion of resistance
 c - 4 potions of haste
 g - 2 potions of ambrosia
 h - 4 potions of brilliance
 j - a potion of attraction
 n - 6 potions of curing
 r - a potion of invisibility
 s - a potion of berserk rage
 t - 2 potions of mutation
 z - 2 potions of magic
 B - a potion of heal wounds
 D - a potion of cancellation
 I - a potion of flight {unknown}


   Skills:
 + Level 10.2 Fighting
 - Level 4.3 Armour
 + Level 4.2 Dodging
 - Level 1.7 Stealth
 - Level 4.0 Shields
 + Level 9.1 Unarmed Combat
 - Level 2.0 Spellcasting
 - Level 1.0 Conjurations
 - Level 3.3 Transmutations
 - Level 1.0 Fire Magic
 - Level 1.0 Air Magic
 - Level 5.0 Poison Magic
 * Level 10.9 Invocations


You had 3 spell levels left.
You knew the following spells:

 Your Spells              Type           Power      Damage    Failure   Level
a - Sting                 Tmut/Pois      100%       1d8       1%          1
b - Mephitic Cloud        Conj/Pois/Air  21%        N/A       7%          3
c - Ignite Poison         Fire/Tmut/Pois 27%        N/A       4%          3
d - Olgreb's Toxic Radia  Pois           41%        N/A       8%          4

Your spell library contained the following spells:

 Spells                   Type           Power      Damage    Failure   Level
 Poisonous Vapours        Pois/Air       52%        N/A       2%          2
 Magic Dart               Conj           44%        1d5       3%          1
 Searing Ray              Conj           22%        2d5       6%          2
 Lesser Beckoning         Tloc           6%         N/A       9%          2
 Hailstorm                Conj/Ice       7%         3d4       14%         3
 Kindle Blastsparks       Fire/Tloc/Air  16%        2d11      14%         3
 Gell's Gravitas          Tloc           3%         N/A       17%         3
 Teleport Other           Tloc           3%         N/A       17%         3
 Ice Form                 Ice/Tmut       16%        N/A       28%         4
 Fulminant Prism          Conj/Hex       3%         3d5       43%         4
 Animate Dead             Necr           3%         N/A       50%         4
 Freezing Cloud           Conj/Ice/Air   4%         6-21      77%         5
 Borgnjor's Vile Clutch   Necr/Erth      1%         N/A       85%         5
 Death Channel            Necr           1%         N/A       100%        6
 Simulacrum               Ice/Necr       1%         N/A       100%        6


Dungeon Overview and Level Annotations

Branches:
Dungeon (11/15)            Temple (1/1) D:5            Lair (0/5) D:10
 Bailey (visited)         Gauntlet (1/1)
    Orc: D:9-12

Altars:
Ashenzari
Cheibriados
Fedhas
Gozag
Hepliaklqana
Kikubaaqudgha
Makhleb
Nemelex Xobeh
Okawaru
Qazlal
Ru
Sif Muna
Trog
Uskayaw
Vehumet
Wu Jian
Xom
Yredelemnul

Shops:
D:6 (   D:10 !:

Annotations:
D:4 Duvessa Gauntlet 9 transporters, 2 runed translucent doors


Innate Abilities, Weirdness & Mutations

You have a pair of antennae on your head.
You have sharp fingernails.
You have large cloven feet.
You are mostly covered in sharp spines.
A meltable shield of frost defends you. (SH +4)


Message History

The gargoyle attacks as you move away! The gargoyle barely misses you.
You block the catoblepas's attack.
You see here a potion of heal wounds.
The catoblepas attacks as you move away!
The catoblepas gores you.
The death drake hisses angrily.
You hear an angry growl.
There is a transporter here.
You take 3 damage, and have 40/91 hp.
The catoblepas breathes a plume of calcifying dust at you.
The blast of calcifying dust hits you but does no damage.
You enter the transporter and appear at another place.
The catoblepas breathes a plume of calcifying dust at you.
The blast of calcifying dust hits you.
The gargoyle hurls a stone arrow at you.
The stone arrow misses you.
You take 4 damage, and have 36/91 hp.
Okay, then.
The polar bear changes into a cane toad!
The catoblepas breathes a plume of calcifying dust at you.
The blast of calcifying dust hits you. The gargoyle hits you with a +0 flail.
* * * LOW HITPOINT WARNING * * *
The catoblepas is struck by your spines.
The catoblepas gores you but does no damage.
The gargoyle is struck by your spines. The gargoyle hits you with a +0 flail!
* * * LOW HITPOINT WARNING * * *
You take 21 damage, and have 15/91 hp.
MASSIVE DAMAGE!!
As you read the scroll of fear, it crumbles to dust.
You assume a fearsome visage.
The catoblepas looks frightened!
The gargoyle is unaffected.
You are engulfed in calcifying dust.
You block the gargoyle's attack. The gargoyle attacks as you move away!
The gargoyle hits you but does no damage.
The cane toad changes into a harpy!
The gargoyle hurls a stone arrow at you.
You block the stone arrow.
There is a transporter here.
You enter the transporter and appear at another place.
The gargoyle hurls a stone arrow at you.
The stone arrow hits you!
You die...

## ### ################### ### ##
≈###≈###.................###≈###≈
≈≈#≈≈≈#...8⌠8..8∩8..8⌠8...#≈≈≈#≈≈
.................................
#################################
#YYYY...#8©8#..^.^..#8©8##.#.#.##
#?##.##.#...#.#.#.⌠.#..Y#.#.#.#.#
##..#..##...#).P..H.#...##.#.#.##
#©##©##Y#©.©#©#.@.8.#§§©#9#.#.#.#
##..#.p######[.9..k.######!#©#.##
#.##.##Y#...#.#.#.8.#...#.#.#.#.#
#$..YYYY#.8.#..^.^..#.8.##.#.#.##
#########...#########...#########
.................................
≈≈#≈≈≈#≈≈≈#≈≈≈#≈≈≈#≈≈≈#≈≈≈#≈≈≈#≈≈
≈###≈###≈###≈###≈###≈###≈###≈###≈
## ### ### ### ### ### ### ### ##


You could see a catoblepas (fleeing), a death drake, a harpy shaped shifter and
a gargoyle.

Vanquished Creatures
  3 two-headed ogres
  Pikel (D:6)
  Joseph (D:9)
  A rime drake (D:10)
  Maggie (D:9)
  3 trolls (D:10)
  A hornet (D:10)
  Prince Ribbit (D:8)
  A raiju (Gauntlet)
  Sigmund (D:5)
  8 spriggans (Bailey)
  A vampire (D:11)
  A wraith (D:9)
  2 wyverns (D:8)
  10 yaks
  Eustachio (D:5)
  3 steam dragons
  An acid dragon (D:8)
  A water moccasin (D:6)
  5 ice beasts
  2 orc warriors
  4 black bears
  A sky beast (D:8)
  5 centaurs
  12 ogres
  5 wolves (D:10)
  2 lemures (D:6)
  A phantom (D:5)
  2 kobold brigands
  2 gnoll sergeants
  3 bullfrogs (D:7)
  A scorpion (D:6)
  18 wights
  5 killer bees (D:7)
  An electric eel (D:10)
  3 howler monkeys
  A jelly (D:6)
  4 hounds
  An iguana (D:5)
  Ijyb (D:3)
  8 orc wizards
  9 gnolls
  2 adders
  A shadow imp (D:6)
  5 white imps
  A worm (D:2)
  A dart slug (D:2)
  18 orcs
  5 endoplasms
  4 giant cockroaches
  7 goblins
  4 hobgoblins
  4 jackals (D:1)
  18 kobolds
  5 quokkas
  11 ball pythons
  7 bats
  4 frilled lizards
  4 rats
239 creatures vanquished.

Vanquished Creatures (others)
  An ogre (Bailey)
  A fungus (Gauntlet)
  21 plants
23 creatures vanquished.

Grand Total: 262 creatures vanquished

Notes
Turn   | Place    | Note
-------+----------+-------------------------------------------
     0 | D:1      | jasper the Demonspawn Venom Mage began the quest for the
                  | Orb.
     0 | D:1      | Reached XP level 1. HP: 13/13 MP: 3/3
   327 | D:1      | Discovered your monstrous ancestry.
   327 | D:1      | Gained mutation: You have a pair of small antennae on your
                  | head. [demonic ancestry]
   327 | D:1      | Reached XP level 2. HP: 13/19 MP: 0/5
  1038 | D:1      | Reached skill level 1 in Shields
  1038 | D:1      | Reached XP level 3. HP: 24/24 MP: 2/6
  1042 | D:1      | Learned a level 3 spell: Mephitic Cloud
  2490 | D:2      | Upgraded the game from 0.30-a0-632-g346586fe48 to
                  | 0.30-a0-696-g2367cd04db
  2578 | D:2      | Gained mutation: You have large cloven feet. [demonic
                  | ancestry]
  2578 | D:2      | Reached XP level 4. HP: 27/30 MP: 1/7
  2966 | D:3      | Noticed Ijyb
  2984 | D:3      | Killed Ijyb
  3519 | D:3      | Found a hazy altar of Hepliaklqana.
  4043 | D:4      | Noticed an ogre
  4048 | D:4      | Noticed an ogre
  4060 | D:4      | Killed an ogre
  4061 | D:4      | Gained mutation: You have sharp fingernails. [demonic
                  | ancestry]
  4061 | D:4      | Reached XP level 5. HP: 25/36 MP: 5/8
  4076 | D:4      | Killed an ogre
  4077 | D:4      | Reached skill level 1 in Fighting
  4077 | D:4      | Reached skill level 1 in Unarmed Combat
  4077 | D:4      | Gained mutation: You are partially covered in sharp spines.
                  | [demonic ancestry]
  4077 | D:4      | Reached XP level 6. HP: 42/44 MP: 1/9
  4146 | D:4      | Noticed Duvessa
  4155 | D:5      | Entered Level 5 of the Dungeon
  4331 | D:5      | Learned a level 3 spell: Ignite Poison
  4546 | D:5      | Gained mutation: You are mostly covered in sharp spines.
                  | [demonic ancestry]
  4546 | D:5      | Reached XP level 7. HP: 52/52 MP: 5/10
  4731 | D:5      | Noticed Eustachio
  4754 | D:5      | Killed Eustachio
  4925 | D:5      | Reached skill level 1 in Armour
  4972 | D:5      | Found a staircase to the Ecumenical Temple.
  5026 | Temple   | Entered the Ecumenical Temple
  5229 | Temple   | Became a worshipper of Cheibriados the Contemplative
  5348 | D:5      | Reached skill level 5 in Poison Magic
  5401 | D:5      | Noticed Sigmund
  5417 | D:5      | Killed Sigmund
  5418 | D:5      | Gained mutation: You have a pair of antennae on your head.
                  | [demonic ancestry]
  5418 | D:5      | Reached XP level 8. HP: 61/61 MP: 3/11
  5491 | D:5      | Found an ancient bone altar of Kikubaaqudgha.
  5804 | D:6      | Found Myetwiaf's Weapon Shoppe.
  5909 | D:6      | Noticed Pikel
  5946 | D:6      | Reached skill level 5 in Fighting
  5951 | D:6      | Learned a level 4 spell: Olgreb's Toxic Radiance
  6006 | D:6      | Killed Pikel
  6007 | D:6      | Reached skill level 5 in Invocations
  6050 | D:6      | Reached skill level 5 in Unarmed Combat
  6284 | D:6      | Gained mutation: A meltable shield of frost defends you.
                  | (SH +4) [demonic ancestry]
  6284 | D:6      | Reached XP level 9. HP: 51/69 MP: 7/12
  6623 | D:6      | Reached * piety under Cheibriados
  6983 | D:6      | Found a shimmering altar of Xom.
  7906 | D:7      | Reached ** piety under Cheibriados
  8630 | D:8      | Reached XP level 10. HP: 45/80 MP: 4/13
  8824 | D:8      | Reached skill level 1 in Conjurations
  8842 | D:8      | Reached skill level 1 in Fire Magic
  8842 | D:8      | Reached skill level 1 in Air Magic
  9011 | D:8      | Noticed Prince Ribbit
  9018 | D:8      | Killed Prince Ribbit
  9085 | D:8      | Found a flagged portal.
  9105 | Bailey   | Entered a bailey
  9200 | Bailey   | Reached *** piety under Cheibriados
  9251 | Bailey   | Noticed a two-headed ogre
  9258 | Bailey   | Killed a two-headed ogre
 10113 | D:8      | Found a broken altar of Ashenzari.
 10113 | D:8      | Found a bloodstained altar of Trog.
 10196 | D:9      | Identified the +8 mace "Qoroiw Roir" {vamp, rF+ Will+
                  | Dex+3}
 10204 | D:9      | Noticed Maggie
 10210 | D:9      | Killed Maggie
 10211 | D:9      | Reached XP level 11. HP: 57/89 MP: 2/16
 10587 | D:9      | Reached **** piety under Cheibriados
 10682 | D:9      | Noticed Joseph
 10699 | D:9      | Killed Joseph
 11082 | D:9      | Noticed a two-headed ogre
 11089 | D:9      | Killed a two-headed ogre
 11403 | D:10     | Entered Level 10 of the Dungeon
 11943 | D:10     | Found Ihodyze's Distillery.
 11954 | D:10     | Noticed a two-headed ogre
 11972 | D:9      | Killed a two-headed ogre
 11974 | D:9      | Reached ***** piety under Cheibriados
 12172 | D:10     | Reached skill level 10 in Invocations
 12240 | D:10     | Reached skill level 10 in Fighting
 12346 | D:10     | Bought a potion of curing for 42 gold pieces
 12346 | D:10     | Bought a potion of curing for 42 gold pieces
 12346 | D:10     | Bought a potion of curing for 42 gold pieces
 12346 | D:10     | Bought a potion of ambrosia for 112 gold pieces
 12605 | D:10     | Found a staircase to the Lair.
 12778 | D:10     | Found Arerreumy's Tremendous Tomes.
 13080 | D:11     | Found a gate leading to a gauntlet.
 13158 | Gauntlet | Entered a Gauntlet
 13158 | Gauntlet | Found a transporter.
 13231 | Gauntlet | Found a transporter.
 13231 | Gauntlet | Found a transporter.
 13232 | Gauntlet | Found a transporter.
 13239 | Gauntlet | Noticed a catoblepas
 13241 | Gauntlet | Found a transporter.
 13243 | Gauntlet | Found a transporter.
 13244 | Gauntlet | Found a transporter.
 13253 | Gauntlet | Found a transporter.
 13256 | Gauntlet | Found a transporter.
 13257 | Gauntlet | Found a transporter.
 13261 | Gauntlet | Noticed a death yak
 13263 | Gauntlet | Noticed a death yak
 13264 | Gauntlet | Noticed a necromancer
 13265 | Gauntlet | Noticed a death yak
 13265 | Gauntlet | Found a transporter.
 13267 | Gauntlet | Noticed a death yak
 13268 | Gauntlet | Found a transporter.
 13268 | Gauntlet | Noticed a death yak
 13269 | Gauntlet | Found a transporter.
 13270 | Gauntlet | Noticed a death yak
 13273 | Gauntlet | Found a runed translucent door.
 13275 | Gauntlet | Found a runed translucent door.
 13275 | Gauntlet | Noticed a hell hog
 13277 | Gauntlet | Found a transporter.
 13317 | Gauntlet | a meliai changed into a harpy
 13317 | Gauntlet | Noticed a harpy (shapeshifter)
 13327 | Gauntlet | a harpy changed into a queen bee
 13468 | Gauntlet | Noticed a death drake
 13474 | Gauntlet | a cane toad changed into a harpy
 13474 | Gauntlet | Noticed a harpy (shapeshifter)
 13475 | Gauntlet | Killed from afar by a gargoyle

Illustrated notes

Levels and vault maps discovered:
D:1:      minmay_arrival_radiant_lines, layout_basic, minivault_4, st_stairs_11,
          minivault_26, chequers_serial_rivers_micro_c
D:2:      layout_loops_ring
D:3:      layout_loops_ring, lemuel_doored_altar, uniq_ijyb
D:4:      layout_loops_ring, mainiacjoe_overflow_paths,
          mainiacjoe_overflow_concentric_impassable, lightli_sewer_entry_pipes,
          minmay_statues_item, dilly_guarded_unrand_devastator, uniq_robin,
          uniq_duvessa, uniq_menkaure
D:5:      layout_gridville, kiku_gazebo_pond_becter,
          minmay_temple_entry_drinking_statues, uniq_sigmund, uniq_eustachio
D:6:      layout_loops_ring, mainiacjoe_overflow_surrounded_room, serial_shops,
          nicolae_shop_statue_plus, uniq_pikel
D:7:      layout_basic, serial_corexii_hall, chequers_hall_statues_corner_a,
          corexii_hall_statues_t
D:8:      layout_basic, gammafunk_temple_overflow_pools, enter_bailey_2,
          kennysheep_decorative_pillar, kennysheep_generic_room_9,
          uniq_prince_ribbit1
D:9:      layout_loops_ring, uniq_joseph, uniq_maggie
D:10:     layout_cave_pools, hellmonk_lair_entry_icy, serial_shops,
          nicolae_square_shop, nicolae_shop_i_like_big_books,
          serial_bayou_lagoon_a
D:11:     layout_irregular_city, gauntlet_entry_generic, uniq_maurice
Temple:   regret_index_temple_generic_petals
Gauntlet: gammafunk_gauntlet_77_escape_option
          [minmay_gauntlet_arena_77_chump_sandwich,
          minmay_gauntlet_arena_77_checkered, minmay_gauntlet_arena_77_museum,
          minmay_gauntlet_arena_77_braids, minmay_gauntlet_arena_77_cramped,
          gauntlet_exit_hidden_loot]

Skill      XL: |  1  2  3  4  5  6  7  8  9 10 11 |
---------------+----------------------------------+-----
Poison Magic   | 4 5 |  5.0
Shields        | 1 2 4 |  4.0
Fighting       | 1 3 4 6 8 9 10 | 10.2
Unarmed Combat | 1 2 3 5 7 8 9 |  9.1
Armour         | 2 4 |  4.3
Invocations    | 2 5 7 10 | 10.9
Transmutations | 3 |  3.3
Conjurations   | 1 |  1.0
Fire Magic     | 1 |  1.0
Air Magic      | 1 |  1.0
Dodging        | 2 4 |  4.2
Stealth        | |  1.7
Spellcasting   | |  2.0

Action                   |  1- 3 |  4- 6 |  7- 9 | 10-12 || total
-------------------------+-------+-------+-------+-------++-------
Melee: Whip              |    28 |     7 |       |       ||    35
       Unarmed           |       |    12 |   182 |   188 ||   382
Throw: Stone             |     9 |       |       |       ||     9
       Dart              |       |     3 |     1 |       ||     4
 Cast: Sting             |    93 |    77 |    73 |       ||   243
       Mephitic Cloud    |       |       |     2 |       ||     2
       Ignite Poison     |       |       |     2 |    27 ||    29
       Olgreb's Toxic Ra |       |       |     5 |    49 ||    54
Evoke: Wand              |       |       |       |     6 ||     6
  Use: Scroll            |     4 |     4 |     9 |     8 ||    25
       Potion            |     1 |     1 |     2 |     3 ||     7
 Stab: Sleeping          |       |     1 |     1 |     1 ||     3
Armor: Robe              |    10 |    13 |     1 |       ||    24
       Skin              |       |     1 |       |       ||     1
       Leather armour    |       |       |    44 |       ||    44
       Steam dragon scal |       |       |    28 |    59 ||    87
Dodge: Dodged            |    51 |    25 |    87 |   108 ||   271
Block: Buckler           |       |     2 |    87 |   121 ||   210

Table legend: (Time is in decaauts)
 A = Elapsed time spent in this place.
 B = Non-inter-level travel time spent in this place.
 C = Inter-level travel time spent in this place.
 D = Time resting spent in this place.
 E = Time spent auto-exploring this place.
 F = Levels seen in this place.
 G = Mean time per level.
                   A        B        C        D        E       F      G
               +--------+--------+--------+--------+--------+-----+--------+
         Total |  15618 |  15078 |    540 |   1971 |  10521 |  14 | 1115.6 |
       Dungeon |  14182 |  13692 |    490 |   1546 |   9861 |  11 | 1289.3 |
        Temple |    243 |    194 |     49 |      0 |    186 |   1 |  243.0 |
        Bailey |    738 |    738 |      0 |    296 |    264 |   1 |  738.0 |
      Gauntlet |    454 |    454 |      0 |    129 |    209 |   1 |  454.0 |
               +--------+--------+--------+--------+--------+-----+--------+

Top non-repeatable levels by time:
     D:9: 1974 daAuts
     D:6: 1869 daAuts
    D:10: 1732 daAuts
     D:1: 1723 daAuts
     D:7: 1529 daAuts
     D:5: 1442 daAuts
     D:8: 1388 daAuts
     D:2: 1147 daAuts
     D:3: 989 daAuts
  Bailey: 738 daAuts
Gauntlet: 454 daAuts
     D:4: 296 daAuts
  Temple: 243 daAuts
    D:11: 90 daAuts
